 Dungeon Crawl Stone Soup version 0.23.0-3-gf3c87f2 (webtiles) character file.

Game seed: 11307408525196904469

3537 poirepourri the Cleaver (level 9, -4/74 HPs)
             Began as a Deep Dwarf Fighter on Feb 24, 2019.
             Was an Initiate of Makhleb.
             Slain by a two-headed ogre
             ... wielding a +0 giant club
              (22 damage)
             ... on level 8 of the Dungeon.
             The game lasted 00:06:42 (4670 turns).

poirepourri the Cleaver (Deep Dwarf Fighter)        Turns: 4670, Time: 00:06:42

Health: -4/74      AC:  9    Str: 20    XL:     9   Next: 82%
Magic:  4/4        EV:  7    Int:  9    God:    Makhleb [......]
Gold:   90         SH: 13    Dex: 15    Spells: 8/8 levels left

rFire    . . .     SeeInvis .   a - +0 war axe
rCold    . . .     Gourm    .   c - +4 shield
rNeg     . . .     Faith    .   b - +0 scale mail
rPois    .         Spirit   .   k - +0 helmet
rElec    .         Reflect  .   (no cloak)
rCorr    .         Harm     .   o - +0 pair of gloves
MR       +....                  (no boots)
Stlth    ..........             (no amulet)
HPRegen  0.00/turn              (no ring)
MPRegen  0.09/turn              (no ring)

@: non-regenerating
A: damage resistance, heal wounds, sense surroundings 2, no regeneration
a: Heal Wounds, Renounce Religion


You were on level 8 of the Dungeon.
You worshipped Makhleb.
Makhleb was noncommittal.
You were not hungry.

You visited 2 branches of the dungeon, and saw 9 of its levels.
You also visited: Ossuary.

You collected 360 gold pieces.
You spent 270 gold pieces at shops.

Inventory:

Hand Weapons
 a - a +0 war axe (weapon)
 r - a +2 vampiric war axe
Missiles
 i - 3 throwing nets (quivered)
Armour
 b - a +0 scale mail (worn)
 c - a +4 shield (worn)
 k - a +0 helmet (worn)
 o - a +0 pair of gloves (worn)
Wands
 d - a wand of flame (7)
 n - a wand of random effects (14)
 p - a wand of acid (9)
Scrolls
 e - 2 scrolls of remove curse
 g - a scroll of magic mapping {unknown}
 j - a scroll of teleportation
 m - 2 scrolls of identify
 q - 2 scrolls of enchant weapon {unknown}
 s - a scroll of vulnerability {unknown}
Potions
 h - 5 potions of flight
 l - 2 potions of haste
Comestibles
 f - 7 rations


   Skills:
 - Level 2.6 Fighting
 + Level 14.7 Axes
 - Level 3.2 Armour
 - Level 3.2 Shields


You had 8 spell levels left.
You didn't know any spells.
Your spell library contained the following spells:

 Spells                   Type           Power        Failure   Level  Hunger
 Animate Skeleton         Necr           N/A          99%         1    ##.....
 Apportation              Tloc           #.....       99%         1    ##.....
 Beastly Appendage        Tmut           #.....       99%         1    ##.....
 Confusing Touch          Hex            #.....       99%         1    ##.....
 Shock                    Conj/Air       #...         99%         1    ##.....
 Summon Small Mammal      Summ           #...         99%         1    ##.....
 Sticks to Snakes         Tmut           #.......     100%        2    ###....
 Swiftness                Chrm/Air       #.......     100%        2    ###....
 Spider Form              Tmut/Pois      #.........   100%        3    ####...
 Static Discharge         Conj/Air       #.......     100%        3    ####...
 Airstrike                Air            #.........   100%        4    #####..
 Ice Form                 Ice/Tmut       #.......     100%        4    #####..
 Blade Hands              Tmut           #.........   100%        5    ######.
 Lightning Bolt           Conj/Air       #.........   100%        5    ######.


Dungeon Overview and Level Annotations

Branches:
Dungeon (8/15)             Temple (1/1) D:7
   Lair: D:8-11

Altars:
Ashenzari
Cheibriados
Dithmenos
Elyvilon
Fedhas
Gozag
Hepliaklqana
Kikubaaqudgha
Makhleb
Nemelex Xobeh
Okawaru
Qazlal
Ru
Sif Muna
Trog
Uskayaw
Vehumet
Wu Jian
Xom
Yredelemnul
Zin
The Shining One

Shops:
D:5 *   D:6 *}   D:7 =

Annotations:
D:8 1 exclusion


Innate Abilities, Weirdness & Mutations

You are resistant to damage.
You can heal yourself by infusing magical energy.
You passively map the area around you.
You do not regenerate.


Message History

You block the two-headed ogre's attack.
The two-headed ogre hits you but does no damage.
You barely miss the two-headed ogre.
The two-headed ogre is almost dead.
You block the two-headed ogre's attack.
The two-headed ogre hits you with a +0 dire flail!
You barely miss the two-headed ogre.
The two-headed ogre is almost dead.
You block the two-headed ogre's attack. x2
Your shield prevents you from hitting the two-headed ogre.
The two-headed ogre is almost dead.
Your shield and scale mail prevent you from hitting the two-headed ogre.
The two-headed ogre is almost dead.
The two-headed ogre hits you with a +0 giant club!
* * * LOW HITPOINT WARNING * * *
You block the two-headed ogre's attack.
You hit the two-headed ogre.
The two-headed ogre is almost dead.
The two-headed ogre hits you with a +0 giant club!!
You die...

####.# #..........# #
#....# #..........# #
####.# #(.........# #
#.########.........# #
#.......########### #
#######.################
.. #...##..........##
#.###.##..........## *
,, ,#.O@...'..........#
*,,#####.##..........# ,
#..[..######### ,* ,
#####.# * * #.# *### * *
, * * ,,


You could see a two-headed ogre.

Vanquished Creatures
  Harold (D:7)
  Pikel (D:5)
  Joseph (D:7)
  Psyche (D:8)
  Prince Ribbit (D:8)
  Menkaure (D:5)
  A hungry ghost (D:8)
  3 slaves
  A sky beast (D:7)
  A phantom (D:8)
  A centaur (D:8)
  A wolf (D:8)
  An elf zombie (Ossuary)
  2 bullfrogs (D:6)
  7 killer bees (D:8)
  2 centaur zombies
  4 hounds
  3 jellies
  An orc wizard (D:4)
  2 human zombies (Ossuary)
  A centaur skeleton (D:6)
  5 worker ants
  2 mummies (Ossuary)
  A killer bee simulacrum (D:8)
  A worker ant zombie (D:7)
  A howler monkey skeleton (D:4)
  4 gnolls (D:6)
  A howler monkey zombie (D:5)
  8 adders
  A hound simulacrum (D:8)
  2 shadow imps
  A worker ant simulacrum (D:8)
  An adder zombie (D:6)
  2 worms
  A dart slug (D:1)
  4 leopard geckos
  20 orcs
  6 giant cockroaches
  2 goblins (D:1)
  5 hobgoblins
  5 jackals
  A quokka (D:3)
  4 bats
  3 frilled lizards
  3 goblin zombies
  10 hobgoblin zombies (Ossuary)
  A kobold (D:3)
  13 kobold zombies (Ossuary)
  2 leopard gecko skeletons
  8 orc zombies (Ossuary)
  5 rats
  A rat zombie (Ossuary)
161 creatures vanquished.

Vanquished Creatures (others)
  An orc wizard (D:4)
  3 plants (D:6)
4 creatures vanquished.

Grand Total: 165 creatures vanquished

Notes
Turn   | Place    | Note
-------+----------+-------------------------------------------
     0 | D:1      | poirepourri the Deep Dwarf Fighter began the quest for the
                  | Orb.
     0 | D:1      | Reached XP level 1. HP: 20/20 MP: 1/1
    85 | D:1      | Reached skill level 3 in Axes
    86 | D:1      | Reached XP level 2. HP: 24/27 MP: 2/2
   326 | D:2      | Reached XP level 3. HP: 26/33 MP: 3/3
   374 | D:2      | Reached skill level 4 in Axes
   571 | D:3      | Reached XP level 4. HP: 20/40 MP: 4/4
   636 | D:4      | Reached skill level 5 in Axes
   698 | D:4      | Reached XP level 5. HP: 40/46 MP: 5/5
   708 | D:4      | Found a shattered altar of Ashenzari.
   731 | D:4      | Reached skill level 6 in Axes
  1048 | D:5      | Entered Level 5 of the Dungeon
  1116 | D:5      | Noticed a slave
  1116 | D:5      | Noticed a slave
  1118 | D:5      | Noticed Menkaure
  1119 | D:5      | Noticed Pikel
  1119 | D:5      | Noticed a slave
  1119 | D:5      | Noticed a slave
  1136 | D:4      | Killed a slave
  1145 | D:5      | Killed a slave
  1147 | D:5      | Killed a slave
  1150 | D:5      | Killed Menkaure
  1150 | D:5      | Reached skill level 7 in Axes
  1150 | D:5      | Reached XP level 6. HP: 21/55 MP: 4/4
  1151 | D:5      | Killed Pikel
  1151 | D:5      | Reached skill level 8 in Axes
  1261 | D:5      | Reached XP level 7. HP: 44/61 MP: 4/4
  1509 | D:5      | Found Hiugosh's Mayhem Merchandise.
  1522 | D:5      | Found a sand-covered staircase.
  1550 | Ossuary  | Entered an ossuary
  1608 | Ossuary  | Reached skill level 9 in Axes
  2273 | D:6      | Reached skill level 10 in Axes
  2386 | D:6      | Found Saigungasm's Gadget Shop.
  2404 | D:6      | Reached XP level 8. HP: 55/68 MP: 5/5
  2529 | D:6      | Found a blossoming altar of Fedhas.
  2589 | D:6      | Found Wus Quz's Assorted Antiques.
  3064 | D:7      | Noticed Joseph
  3079 | D:7      | Killed Joseph
  3079 | D:7      | Reached skill level 11 in Axes
  3091 | D:7      | Found a staircase to the Ecumenical Temple.
  3127 | D:7      | Noticed Harold
  3174 | D:7      | Killed Harold
  3174 | D:7      | Reached skill level 12 in Axes
  3174 | D:7      | Gained mutation: You passively map the area around you.
                  | [Deep Dwarf growth]
  3174 | D:7      | Reached XP level 9. HP: 40/74 MP: 5/5
  3200 | Temple   | Entered the Ecumenical Temple
  3399 | Temple   | Became a worshipper of Makhleb the Destroyer
  3658 | D:7      | Reached skill level 13 in Axes
  3694 | D:7      | Found Nuajol's Jewellery Emporium.
  3947 | D:8      | Noticed Psyche
  3959 | D:8      | Killed Psyche
  4099 | D:5      | Bought a +2 vampiric war axe for 270 gold pieces
  4240 | D:8      | Noticed Prince Ribbit
  4257 | D:8      | Killed Prince Ribbit
  4257 | D:8      | Reached skill level 14 in Axes
  4652 | D:8      | Noticed a two-headed ogre
  4670 | D:8      | Slain by a two-headed ogre

Skill      XL: |  1  2  3  4  5  6  7  8  9 |
---------------+----------------------------+-----
Axes           | 3 4 5 7 8 10 12 14 | 14.7
Fighting       | |  2.6
Armour         | |  3.2
Shields        | |  3.2

Action                   |  1- 3 |  4- 6 |  7- 9 || total
-------------------------+-------+-------+-------++-------
Melee: War axe           |   103 |   147 |   422 ||   672
 Abil: Heal Wounds       |       |     6 |    17 ||    23
Evoke: Wand              |       |       |     2 ||     2
  Use: Scroll            |     3 |     3 |    11 ||    17
       Potion            |       |     5 |     8 ||    13
  Eat: Ration            |       |     1 |     4 ||     5
Armor: Scale mail        |    65 |    45 |   106 ||   216
       Skin              |       |    13 |       ||    13
Dodge: Dodged            |    40 |    30 |   120 ||   190
Block: Shield            |    71 |   101 |   263 ||   435
